 Dungeon Crawl Stone Soup version 0.23.2-1-ga50397a (webtiles) character file.

Game seed: 7745005133550278498

55 diana the Covered (level 3, -2/45 HPs)
             Began as a Demigod Fighter on May 30, 2019.
             Killed from afar by an orc wizard (4 damage)
             ... with a puff of flame
             ... on level 3 of the Dungeon.
             The game lasted 00:01:26 (1793 turns).

diana the Covered (Demigod Fighter)                 Turns: 1793, Time: 00:01:27

Health: -2/45      AC: 21    Str: 21    XL:     3   Next: 45%
Magic:  5/5        EV:  2    Int: 12    God:
Gold:   45         SH:  9    Dex: 15    Spells: 2/2 levels left

rFire    . . .     SeeInvis .   a - +0 long sword
rCold    . . .     Gourm    .   c - +0 shield
rNeg     + + +     Faith    .   (armour currently unavailable)
rPois    +         Spirit   .   (helmet currently unavailable)
rElec    .         Reflect  .   (cloak currently unavailable)
rCorr    .         Harm     .   (gloves currently unavailable)
MR       .....     NoTele   +   (boots currently unavailable)
Stlth    ++........             (no amulet)
HPRegen  0.15/turn              g - ring of stealth
MPRegen  0.09/turn              (no ring)

@: tree-form
A: high mp 1
a: no special abilities


You were on level 3 of the Dungeon.
You were near starving.
You were a tree.
You visited 1 branch of the dungeon, and saw 3 of its levels.

You collected 45 gold pieces.

Inventory:

Hand Weapons
 a - a +0 long sword (weapon)
Armour
 b - a +0 scale mail (melded)
 c - a +0 shield (worn)
Jewellery
 g - a ring of stealth (left branch)
Scrolls
 e - 2 scrolls of enchant weapon {unknown}
 h - a scroll of magic mapping {unknown}
 i - 4 scrolls of identify {unknown}
 j - 2 scrolls of remove curse {unknown}
 k - a scroll of blinking {unknown}
 o - 2 scrolls of fog {unknown}
Potions
 d - 2 potions of might
 m - a potion of heal wounds {unknown}
 n - a potion of curing {unknown}
 p - a potion of degeneration {unknown}
Comestibles
 f - 5 rations


   Skills:
 + Level 2.9 Fighting
 * Level 2.4 Long Blades
 + Level 3.0 Armour
 * Level 1.5 Dodging
 + Level 2.9 Shields


You had 2 spell levels left.
You didn't know any spells.
Your spell library was empty.

Dungeon Overview and Level Annotations

Branches:
Dungeon (3/15)


Innate Abilities, Weirdness & Mutations

You have an increased reservoir of magic. (+10% MP)


Message History

You are too injured to fight recklessly!
You are too injured to fight recklessly!
You are too injured to fight recklessly!
You are too injured to fight recklessly!
You are too injured to fight recklessly!
You are too injured to fight recklessly!
You are too injured to fight recklessly!
You are too injured to fight recklessly!
You are too injured to fight recklessly!
You are too injured to fight recklessly!
Unknown command.
The orc priest invokes the aid of Beogh against you.
Beogh smites you!
* * * LOW HITPOINT WARNING * * *
It was a potion of lignification.
You turn into a tree.
Your +0 scale mail melds into your body.
Your roots penetrate the ground.
The orc wizard gestures at you while chanting.
The puff of flame hits you.
You die...

.. .#..# #. ....#
#.##...# .. #...... ...
$....# ..... #...#
###..... #...# #......_
#####...####$#...
#...o♣.......#.##.#
#...o...oo.<...........
#.#.#............#.##.#
.. #####...####.#.##.#
# #. #...# #......#.#
.. #...# ###.##.#.# #
#...# #.##.#.# ##.##
#......## ##.......


You could see an orc priest, 2 orc wizards and an orc.

Vanquished Creatures
  2 adders
  A worm (D:2)
  A dart slug (D:1)
  2 leopard geckos (D:2)
  5 bats
  2 giant cockroaches (D:3)
  3 hobgoblins
  A quokka (D:2)
  A ball python (D:1)
  2 frilled lizards
  3 goblins
  2 kobolds (D:1)
  7 rats
32 creatures vanquished.

Notes
Turn   | Place    | Note
-------+----------+-------------------------------------------
     0 | D:1      | diana the Demigod Fighter began the quest for the Orb.
     0 | D:1      | Reached XP level 1. HP: 18/18 MP: 3/3
   568 | D:1      | Reached XP level 2. HP: 24/25 MP: 4/4
   854 | D:2      | Reached skill level 1 in Dodging
   881 | D:2      | Found a radiant altar of Vehumet.
   882 | D:2      | Found a stormy altar of Qazlal.
  1149 | D:2      | Reached XP level 3. HP: 17/30 MP: 5/5
  1716 | D:3      | Found a basalt altar of Yredelemnul.
  1724 | D:3      | Reached skill level 3 in Armour
  1771 | D:3      | Found an ancient bone altar of Kikubaaqudgha.
  1790 | D:3      | HP: 1/30 [orc priest/divine providence (12)]
  1793 | D:3      | Killed from afar by an orc wizard

Skill      XL: |  1  2  3 |
---------------+----------+-----
Long Blades    | 2 |  2.4
Dodging        | 1 |  1.5
Armour         | 3 |  3.0
Fighting       | |  2.9
Shields        | |  2.9

Action                   || total
-------------------------++-------
Melee: Long sword        ||    99
  Use: Potion            ||     1
  Eat: Chunk             ||     1
Armor: Scale mail        ||    44
Dodge: Dodged            ||    28
Block: Shield            ||    59
       Rpst.: Long sword ||     6
